Map: Junção Kairos LE

Players

Vicster

  • Race: Terran Terran
  • League: Gold
  • Spawn Location: 11:00

Niarxs - Winner!

  • Race: Zerg Zerg
  • League: Gold
  • Spawn Location: 5:00

VOD

Have the link to the VOD?

Description

Time

  • Played on: Jan. 8, 2019, 12:57 p.m.
  • Length: 9:19
Show
View Real Time Build Order
Export as new Build Order

Vicster Terran 

Build Orders:  

Get SALT Encoding   

  12  0:01  SCV  
  13  0:13  SCV  
  14  0:17  Supply Depot  
  14  0:25  SCV  
  15  0:39  SCV  
  16  0:44  Barracks  
  16  0:51  SCV  
  16  0:52  Refinery  
  17  1:03  SCV  
  18  1:15  SCV  
  19  1:31  Orbital Command  
  19  1:41  Command Center  
  19  1:53  Factory  
  19  1:57  SCV  
  20  2:02  Marine  
  21  2:09  SCV  
  21  2:15  Supply Depot  
  22  2:20  Barracks Tech Lab  
  22  2:21  SCV  
  22  2:33  SCV  
  21  2:45  SCV  
  21  2:46  Hellion  
  22  3:07  Hellion  
  16  3:23  Refinery, Command Center  
  16  3:31  SCV  
  16  3:33  Factory Reactor  
  17  3:36  Marine  
  18  3:43  SCV  
  19  3:54  Marine  
  18  4:12  Marine  
  19  4:18  Hellion x2  
  23  4:31  Supply Depot  
  23  4:33  Marine  
  20  4:39  Hellion  
  21  4:54  Hellion  
  23  5:02  Orbital Command  
  19  5:42  Marine  
  20  5:44  Hellion x2  
  20  5:45  SCV  
  23  6:05  Hellion  
  23  6:22  Hellion  
  23  6:23  Marine  
  23  6:24  SCV  
  28  6:25  SCV  
  28  6:26  Hellion  
  30  6:34  Stimpack  
  30  6:36  SCV  
  30  6:37  SCV  
  32  6:41  Marine, Supply Depot  
  32  6:45  Orbital Command  
  33  6:49  SCV  
  34  6:58  Marine  
  34  6:59  Starport  
  35  7:03  Supply Depot  
  35  7:09  SCV  
  35  7:10  SCV  
  37  7:21  SCV  
  38  7:23  SCV  
  38  7:26  Supply Depot  
  35  7:33  SCV  
  35  7:35  SCV  
  31  7:45  SCV  
  31  7:47  SCV  
  31  7:57  Bunker  
  31  8:01  Starport Tech Lab  
  31  8:02  SCV  
  32  8:10  SCV  
  33  8:13  Refinery  
  33  8:14  SCV  
  33  8:16  Refinery  
  33  8:19  Marine, Widow Mine x2  
  39  8:21  Banshee  
  39  8:22  SCV  
  39  8:27  SCV  
  44  8:31  Factory  
  45  8:34  SCV  
  45  8:37  Marine  
  45  8:39  SCV  
  47  8:46  SCV  
  48  8:51  SCV  
  48  8:55  Marine  
Show
View Real Time Build Order
Export as new Build Order

Niarxs Zerg - Winner!

Build Orders: 1 Base Baneling Bust, Pool First 

Get SALT Encoding   

  12  0:21  Overlord  
  12  0:31  Extractor  
  12  0:35  Drone x3  
  14  0:48  Spawning Pool, Drone  
  14  0:56  Drone  
  15  1:07  Drone  
  16  1:18  Overlord  
  16  1:36  Metabolic Boost  
  16  1:37  Zergling x2  
  16  1:39  Zergling x2  
  18  1:40  Queen  
  20  1:52  Baneling Nest, Zergling x2  
  20  2:06  Zergling x2  
  21  2:13  Zergling x2  
  22  2:16  Queen  
  24  2:30  Zergling x2  
  24  2:33  Zergling x2  
  26  2:43  Overlord  
  26  2:57  Zergling x2  
  26  2:58  Roach Warren  
  24  3:08  Zergling x6  
  26  3:16  Baneling  
  26  3:17  Baneling x6  
  26  3:20  Zergling x2  
  26  3:25  Zergling x2  
  28  3:35  Zergling x4  
  28  3:37  Zergling x2  
  31  3:42  Zergling x2  
  31  4:02  Zergling x8  
  23  4:51  Drone x3  
  25  4:54  Lair, Extractor  
  24  5:09  Hatchery  
  24  5:10  Drone  
  24  5:13  Drone  
  23  5:32  Zergling x2  
  23  5:33  Zergling x6  
  25  5:47  Zergling x2  
  22  6:17  Roach x3  
  28  6:20  Overseer  
  28  6:24  Queen, Drone  
  31  6:33  Drone  
  31  6:34  Drone x2  
  31  6:38  Nydus Network  
  33  6:42  Drone  
  33  6:45  Drone  
  35  6:47  Drone  
  35  6:52  Drone x3  
  39  6:56  Drone  
  39  7:00  Drone  
  41  7:05  Drone  
  42  7:19  Roach  
  38  7:48  Drone x4  
  38  7:49  Drone x2  
  44  7:51  Extractor  
  44  7:52  Extractor, Drone  
  44  7:53  Overlord x2, Drone  
  44  8:11  Roach x4  
  52  8:18  Nydus Canal  
  52  8:23  Drone x4  
  56  8:47  Roach  
  56  8:48  Roach  
Tags
 
Add a new tag
Caveats
  • Supply blocks, unpowered buildings, or Contaminate may cause inaccurate times.
  • Supply counts are checked every 10 seconds.